 Dungeon Crawl Stone Soup version 0.19.4 (webtiles) character file.

50795 esteth the Severer (level 14, -5/124 HPs)
             Began as a Minotaur Fighter on Feb 2, 2017.
             Was a High Priest of Makhleb.
             Slain by a sixfirhy (11 damage)
             ... on level 6 of the Lair of Beasts.
             The game lasted 00:46:20 (18466 turns).

esteth the Severer (Minotaur Fighter)              Turns: 18466, Time: 00:46:20

Health: -5/124     AC: 26    Str: 21    XL:     14   Next: 21%
Magic:  0/23       EV:  7    Int:  5    God:    Makhleb [*****.]
Gold:   1422       SH:  5    Dex: 17    Spells: 0 memorised, 13 levels left

rFire  + + +     SeeInvis .     a - +3 war axe
rCold  . . .     Gourm    .     n - +0 plate armour
rNeg   + . .     Faith    .     m - +0 buckler of Yjesh {rF++ Dex+4}
rPois  .         Spirit   +     (helmet restricted)
rElec  .         Reflect  .     i - +2 cloak
rCorr  .         Harm     .     L - +1 pair of gloves
MR     +....     Rnd*Tele +     k - +2 pair of boots
Stlth  ..........               q - amulet of guardian spirit
                                x - ring of positive energy
                                N - ring of protection from fire

@: slowed, very slow
A: retaliatory headbutt, horns 2, talons 1, slimy green scales 1, clumsy 1,
sense surroundings 1, teleportitis 1
a: Minor Destruction, Lesser Servant of Makhleb, Major Destruction, Greater
Servant of Makhleb, Renounce Religion


You were on level 6 of the Lair of Beasts.
You worshipped Makhleb.
Makhleb was extremely pleased with you.
You were not hungry.

You visited 3 branches of the dungeon, and saw 18 of its levels.
You visited the Abyss 1 time.
You also visited: Sewer and Ice Cave.

You collected 1422 gold pieces.

Inventory:

Hand Weapons
 a - a +3 war axe (weapon)
 d - a +0 executioner's axe of freezing
 H - a +4 battleaxe of venom
Missiles
 r - 2 javelins of penetration (quivered)
 w - 7 poisoned javelins
Armour
 i - a +2 cloak (worn)
 k - a +2 pair of boots (worn)
 m - the +0 buckler of Yjesh (worn) {rF++ Dex+4}
   (You found it on level 9 of the Dungeon)

   It affects your dexterity (+4).
   It greatly protects you from fire.
 n - a +0 plate armour (worn)
 L - a +1 pair of gloves (worn)
Jewellery
 q - an amulet of guardian spirit (around neck)
 x - a ring of positive energy (right hand)
 B - an uncursed ring of wizardry
 E - an uncursed ring of protection from cold
 M - an uncursed ring of resist corrosion
 N - a ring of protection from fire (left hand)
 W - an uncursed amulet of the gourmand {unknown}
Wands
 g - a wand of confusion (31/48)
 J - a wand of disintegration (24/24)
 T - a wand of slowing (22/48)
 U - a wand of teleportation (2/9)
Scrolls
 e - 4 scrolls of amnesia
 j - a scroll of fog
 l - 5 scrolls of teleportation
 o - 13 scrolls of remove curse
 s - 3 scrolls of blinking
 D - 14 scrolls of identify
 G - a scroll of fear
 I - 3 scrolls of recharging
 Z - a scroll of enchant weapon
Potions
 b - a potion of agility
 u - 5 potions of brilliance
 z - a potion of magic
 Y - a potion of flight
Comestibles
 c - 3 chunks of flesh
 f - 11 bread rations
 h - 10 royal jellies
 v - 11 meat rations
 C - 24 fruits
 K - a beef jerky
 O - 4 slices of pizza


   Skills:
 - Level 11.0 Fighting
 + Level 18.7 Axes
 - Level 11.3 Armour
 - Level 3.6 Shields
 - Level 13.6 Invocations


You had 13 spell levels left.
You didn't know any spells.

Dungeon Overview and Level Annotations

Branches:
Dungeon (11/15)            Temple (1/1) D:4            Lair (6/6) D:9
 Shoals (0/4) Lair:2        Snake (0/4) Lair:3        Slime (0/5) Lair:6
    Orc: D:9-12

Altars:
Ashenzari
Cheibriados
Dithmenos
Elyvilon
Fedhas
Gozag
Hepliaklqana
Kikubaaqudgha
Makhleb
Nemelex Xobeh
Okawaru
Qazlal
Sif Muna
Trog
Uskayaw
Vehumet
Xom
Yredelemnul
Zin
The Shining One

Shops:
D:7 =   D:10 (

Annotations:
D:5 1 runed door
D:8 Psyche


Innate Abilities, Weirdness & Mutations

You reflexively headbutt those who attack you in melee.
You have a pair of horns on your head.
You have sharp toenails.
You are partially covered in slimy green scales. (AC +2)
You are clumsy. (Dex -2)
You passively map a small area around you.
You are occasionally teleported next to monsters.


Message History

* * * LOW HITPOINT WARNING * * *
You are lethally poisoned!
The orange demon poisons you! You block the orange demon's attack.
* * * LOW HITPOINT WARNING * * *
You feel very sick.
The hellwing hits you but does no damage.
You block the hellwing's attack. The orange demon stings you from afar.
* * * LOW HITPOINT WARNING * * *
The orange demon stings you from afar.
* * * LOW HITPOINT WARNING * * *
You are more poisoned.
The orange demon poisons you! The hellwing hits you!
* * * LOW HITPOINT WARNING * * *
The hellwing barely misses you. The orange demon barely misses you.
Things that are here:
a dagger; a robe; a human skeleton You feel better.
The sixfirhy barely misses you. The sixfirhy hits you!
* * * LOW HITPOINT WARNING * * *
The sixfirhy shocks you!
You die...

## ** * ≈≈≈ ≈ *
≈§≈≈#############
≈≈....4#........# ≈
,.....44#..8.8...# ,
.._..h43.4.8.8..# ♣. ≈ ≈
,,,.....44#@28.8...# ♣. ≈≈
.....34#...8.8..# ♣
≈###############..8.8...#
#.............'...8.8..#
#....8....8...#........#
#.............#########+♣♣♣♣♣
*#######''###### ♣♣♣.♣♣.♣♣
♣....♣ ♣♣♣.......♣♣ ♣♣..♣♣
♣♣♣....♣♣♣..†♣♣


You could see 2 orange demons, a hellwing, an ice devil, a sixfirhy, a red
devil, a hell hound and a friendly green death.

Vanquished Creatures
  Kirke (Lair:4)
  A dire elephant (Lair:3)
  2 hydras (Lair:6)
  Fannar (D:10)
  5 death yaks
  A wizard (Lair:6)
  2 ugly things (IceCv)
  12 elephants (Lair:3)
  2 centaur zombies
  Maurice (D:10)
  A torpor snail (Lair:2)
  An ice statue (IceCv)
  A guardian serpent (Lair:3)
  2 black mambas
  2 centaur skeletons
  A gargoyle (D:10)
  16 spiny frogs
  7 komodo dragons
  3 rime drakes
  A merfolk (Lair:2)
  A queen bee (D:8)
  A polar bear (Lair:4)
  3 trolls
  10 blink frogs
  2 hornets
  6 hippogriffs
  The ghost of Paps the Sneak, an amateur GrAs (D:3)
  Sigmund (D:6)
  2 wyverns
  A spriggan (Lair:3)
  25 yaks
  Grum (D:8)
  A wraith (D:10)
  2 basilisks
  2 hungry ghosts (D:10)
  2 hogs (Lair:4)
  2 steam dragons (D:9)
  Menkaure (D:6)
  12 water moccasins
  8 porcupines
  4 sky beasts
  9 ice beasts
  2 necrophages
  5 phantoms
  3 black bears
  9 ogres
  2 eyes of draining
  18 wolves
  6 centaurs
  12 crocodiles
  A big kobold (D:8)
  14 bullfrogs
  3 scorpions
  3 wights (D:10)
  16 killer bees
  4 crimson imps
  4 hounds
  A quasit (D:10)
  2 bullfrog skeletons
  9 jellies
  4 orc priests
  10 orc wizards
  5 iguanas
  12 worker ants
  A mummy (D:9)
  A worker ant zombie (D:7)
  10 adders
  A howler monkey skeleton (D:6)
  4 shadow imps
  12 white imps (Lair:5)
  3 adder skeletons
  An adder zombie (D:7)
  A worm (D:3)
  A dart slug (D:2)
  6 leopard geckos
  42 orcs
  3 bats
  13 giant cockroaches
  6 goblins
  8 hobgoblins
  16 jackals
  3 quokkas
  8 ball pythons
  8 frilled lizards
  20 kobolds
  3 rats
  A butterfly (D:5)
  6 fungi
  2 plants (D:9)
485 creatures vanquished.

Vanquished Creatures (collateral kills)
  Rupert (Lair:4)
  Snorg (Lair:5)
  3 hydras
  7 death yaks
  A black mamba (Lair:4)
  2 hippogriffs
  A hog (Lair:4)
  A porcupine (Lair:4)
  A crocodile (Lair:6)
  A jelly (Lair:6)
  2 bushes (Lair:4)
  3 plants (Lair:4)
24 creatures vanquished.

Vanquished Creatures (others)
  17 fungi
  6 plants
23 creatures vanquished.

Grand Total: 532 creatures vanquished

Notes
Turn   | Place    | Note
-------+----------+-------------------------------------------
     0 | D:1      | esteth the Minotaur Fighter began the quest for the Orb.
     0 | D:1      | Reached XP level 1. HP: 19/19 MP: 0/0
   117 | D:1      | Reached skill level 3 in Axes
   281 | D:1      | Reached XP level 2. HP: 25/26 MP: 1/1
  1021 | D:2      | Reached skill level 4 in Axes
  1246 | D:2      | Reached XP level 3. HP: 30/31 MP: 0/2
  1523 | D:3      | Found a glowing drain.
  1600 | Sewer    | Entered a sewer
  1608 | Sewer    | Reached skill level 5 in Axes
  1641 | Sewer    | Reached XP level 4. HP: 39/39 MP: 1/3
  2382 | D:3      | Noticed an ogre
  2388 | D:3      | Killed an ogre
  2388 | D:3      | Reached skill level 6 in Axes
  2388 | D:3      | Reached XP level 5. HP: 31/45 MP: 4/4
  2397 | D:3      | Noticed Paps's ghost (amateur GrAs)
  2404 | D:3      | Killed Paps's ghost
  2404 | D:3      | Reached skill level 8 in Axes
  2404 | D:3      | Reached XP level 6. HP: 39/51 MP: 5/5
  3051 | D:4      | Found a staircase to the Ecumenical Temple.
  3055 | Temple   | Entered the Ecumenical Temple
  3131 | Temple   | Became a worshipper of Makhleb the Destroyer
  3230 | D:4      | Reached skill level 9 in Axes
  3238 | D:4      | Reached XP level 7. HP: 10/57 MP: 1/6
  4073 | D:4      | Found a burning altar of Makhleb.
  4244 | D:5      | Entered Level 5 of the Dungeon
  4343 | D:5      | Reached skill level 10 in Axes
  4428 | D:5      | Reached skill level 11 in Axes
  4732 | D:5      | Reached XP level 8. HP: 64/64 MP: 7/7
  4735 | D:5      | Reached * piety under Makhleb
  4769 | D:5      | Found a runed door.
  4855 | D:5      | Gained mutation: You have sharp toenails. [potion of mutation]
  4855 | D:5      | Gained mutation: You are partially covered in slimy green scales. (AC +2) [potion of mutation]
  4855 | D:5      | Gained mutation: You are occasionally teleported next to monsters. [potion of mutation]
  4857 | D:5      | Found a runed door.
  4878 | D:5      | Reached skill level 12 in Axes
  5416 | D:5      | Found a blossoming altar of Fedhas.
  5678 | D:6      | Noticed Sigmund
  5693 | D:6      | Killed Sigmund
  5693 | D:6      | Reached skill level 13 in Axes
  5992 | D:6      | Reached XP level 9. HP: 63/70 MP: 6/8
  6016 | D:6      | Reached ** piety under Makhleb
  6137 | D:6      | Noticed Menkaure
  6141 | D:6      | Reached skill level 14 in Axes
  6144 | D:6      | Killed Menkaure
  6187 | D:6      | Found an iron altar of Okawaru.
  6377 | D:7      | Got a scorched ring mail
  6388 | D:7      | Identified the cursed +1 ring mail of Fun and Games {Dex+5} (You found it on level 7 of the Dungeon)
  6602 | D:7      | Found Cixzirorr's Jewellery Shoppe.
  6619 | D:7      | Reached skill level 15 in Axes
  7216 | D:8      | Noticed Grum
  7231 | D:8      | Reached skill level 16 in Axes
  7239 | D:8      | Killed Grum
  7239 | D:8      | Reached *** piety under Makhleb
  7239 | D:8      | Reached XP level 10. HP: 62/77 MP: 9/9
  7242 | D:8      | Gained mutation: You passively map a small area around you. [potion of mutation]
  7242 | D:8      | Gained mutation: You are clumsy. (Dex -2) [potion of mutation]
  7468 | D:8      | Reached skill level 1 in Invocations
  7932 | D:8      | Reached skill level 5 in Invocations
  8207 | D:8      | Noticed Psyche
  8218 | D:8      | Cast into level 2 of the Abyss (Psyche)
  8225 | Abyss:2  | Noticed a bone dragon
  8273 | D:8      | Escaped the Abyss
  8436 | D:9      | Found a staircase to the Lair.
  8452 | D:9      | Found a snail-covered altar of Cheibriados.
  8536 | D:9      | Got a faintly glowing buckler
  8547 | D:9      | Identified the +0 buckler of Yjesh {rF++ Dex+4} (You found it on level 9 of the Dungeon)
  8697 | D:9      | Found a shimmering altar of Xom.
  9014 | D:10     | Entered Level 10 of the Dungeon
  9035 | D:10     | Reached **** piety under Makhleb
  9116 | D:10     | Noticed a gargoyle
  9123 | D:10     | Killed a gargoyle
  9201 | D:10     | Noticed Fannar
  9248 | D:10     | Killed Fannar
  9248 | D:10     | Reached XP level 11. HP: 30/85 MP: 7/16
  9493 | D:10     | Noticed Maurice
  9527 | D:10     | Killed Maurice
  9794 | D:10     | Found a bloodstained altar of Trog.
  9931 | D:10     | Reached skill level 10 in Invocations
  9994 | D:10     | Found Umpocupp's Weapon Shop.
 10203 | D:11     | Reached skill level 5 in Fighting
 10610 | D:11     | Noticed a seven-headed hydra
 10630 | D:11     | Noticed a hill giant
 11299 | Lair:1   | Entered Level 1 of the Lair of Beasts
 12504 | Lair:2   | Noticed an eight-headed hydra
 12511 | Lair:2   | Killed an eight-headed hydra
 12511 | Lair:2   | Reached skill level 10 in Fighting
 12562 | Lair:2   | Identified the Guide on the Mutagenic Entourage
 12644 | Lair:2   | Found a staircase to the Shoals.
 12899 | Lair:2   | Noticed a death yak
 12911 | Lair:2   | Killed a death yak
 13054 | Lair:3   | Reached XP level 12. HP: 110/110 MP: 18/18
 13064 | Lair:3   | Reached skill level 5 in Armour
 13144 | Lair:3   | Reached ***** piety under Makhleb
 13362 | Lair:3   | Noticed a dire elephant
 13382 | Lair:3   | Reached skill level 10 in Armour
 13401 | Lair:3   | Killed a dire elephant
 13509 | Lair:3   | Found a staircase to the Snake Pit.
 14132 | Lair:4   | Noticed a death yak
 14132 | Lair:4   | Noticed a death yak
 14132 | Lair:4   | Noticed a death yak
 14140 | Lair:4   | Killed a death yak
 14147 | Lair:4   | Killed a death yak
 14147 | Lair:4   | Reached XP level 13. HP: 100/116 MP: 13/20
 14490 | Lair:4   | Noticed Rupert
 14491 | Lair:4   | Noticed a balrug
 14510 | Lair:4   | Killed Rupert
 14924 | Lair:4   | Noticed Kirke
 14938 | Lair:4   | Killed Kirke
 15231 | Lair:5   | Found a frozen archway.
 15257 | IceCv    | Entered an ice cave
 16060 | Lair:5   | Noticed Snorg
 16071 | Lair:5   | Killed Snorg
 16466 | Lair:5   | Reached skill level 17 in Axes
 17466 | Lair:6   | Entered Level 6 of the Lair of Beasts
 17546 | Lair:6   | Reached XP level 14. HP: 78/124 MP: 14/23
 17707 | Lair:6   | Found a staircase to the Slime Pits.
 17720 | Lair:6   | Reached skill level 18 in Axes
 18449 | Lair:6   | Found a burning altar of Makhleb.
 18465 | Lair:6   | HP: 4/124 [hellwing (7)]
 18466 | Lair:6   | Slain by a sixfirhy

Skill      XL: |  1  2  3  4  5  6  7  8  9 10 11 12 13 14 |
---------------+-------------------------------------------+-----
Axes           | 3 4 5 6 8 9 11 13 16 17 18 | 18.7
Fighting       | 4 11 | 11.0
Invocations    | 8 10 11 13 | 13.6
Armour         | 4 11 | 11.3
Shields        | |  3.6

Action                   |  1- 3 |  4- 6 |  7- 9 | 10-12 | 13-15 || total
-------------------------+-------+-------+-------+-------+-------++-------
Melee: War axe           |   110 |   141 |   349 |   815 |   373 ||  1788
       Headbutt          |    15 |    24 |    61 |   215 |   123 ||   438
       Kick              |       |       |     9 |       |       ||     9
       Executioner's axe |       |       |       |       |    68 ||    68
Throw: Javelin           |       |       |       |     7 |       ||     7
Invok: Lesser Servant of |       |       |       |     8 |     8 ||    16
       Major Destruction |       |       |       |     1 |     1 ||     2
       Greater Servant o |       |       |       |       |     5 ||     5
       Minor Destruction |       |       |       |       |     2 ||     2
Evoke: Wand              |       |       |       |     1 |       ||     1
  Use: Scroll            |     4 |       |     7 |     9 |     5 ||    25
       Potion            |       |       |    14 |     5 |     7 ||    26
 Stab: Distracted        |       |       |       |     1 |     3 ||     4
  Eat: Chunk             |     2 |     6 |    10 |    24 |    12 ||    54
       Bread ration      |       |       |     1 |       |       ||     1
       Royal jelly       |       |       |       |     1 |     1 ||     2
Armor: Scale mail        |    12 |       |       |       |       ||    12
       Plate armour      |    70 |    93 |   157 |   496 |   341 ||  1157
Dodge: Dodged            |    23 |    15 |    30 |   157 |   139 ||   364
Block: Shield            |    68 |    69 |   101 |    71 |       ||   309
       Large shield      |       |       |    22 |       |       ||    22
       Buckler           |       |       |       |   129 |   104 ||   233
